 Dungeon Crawl Stone Soup version 0.30-a0-394-g3e4acdb0ae (webtiles) character file.

Game seed: 1873744729252328014

9 ytrimaz the Insei (level 2, 22/22 HPs)
             Began as a Djinni Transmuter on Dec 6, 2022.
             Quit the game on level 1 of the Dungeon.
             The game lasted 00:00:39 (459 turns).

ytrimaz the Insei (Djinni Transmuter)                Turns: 459, Time: 00:00:40

Health: 22/22      AC:  2    Str:  9    XL:     2   Next: 20%
Gold:   92         EV: 12    Int: 14    God:
                   SH:  0    Dex: 13

rFire   + + .      SeeInvis .      - Unarmed
rCold   x . .      Faith    .    (no shield)
rNeg    . . .      Spirit   .    a - +0 robe
rPois   ∞          Reflect  .    (no helmet)
rElec   .          Harm     .    (no cloak)
rCorr   .          Rampage  .    (no gloves)
Will    .....                    (boots unavailable)
Stlth   +.........               (no amulet)
HPRegen 0.23/turn                (no ring)
MPRegen 0.00/turn                (no ring)

@: flying
A: sickness immunity, fire resistance 2, cold vulnerability 1, float, innate
caster, HP casting, extra vitality 1
a: no special abilities


You were on level 1 of the Dungeon.
You visited 1 branch of the dungeon, and saw 1 of its levels.

You collected 92 gold pieces.


Innate Abilities, Weirdness & Mutations

You are immune to sickness and miasma.
You are immune to poison.
Your flesh is very heat resistant. (rF++)
You are vulnerable to cold. (rC-)
You float through the air rather than walking.
You learn spells naturally, not from books.
Your magical power is your life essence.
You have superior vitality. (+4 MHP)


   Skills:
 + Level 1.4 Fighting
 + Level 2.5 Dodging
 - Level 3.1 Unarmed Combat
 - Level 1.6 Spellcasting


You couldn't memorise any spells.
You knew the following spells:

 Your Spells              Type           Power      Damage    Failure   Level
a - Beastly Appendage     Tmut           10%        N/A       13%         1
b - Wereblood             Tmut           5%         N/A       19%         2
c - Spider Form           Tmut/Pois      5%         N/A       36%         3
d - Ice Form              Ice/Tmut       5%         N/A       77%         4
Your spell library was empty.

Inventory:

Armour
 a - a +0 robe (worn)
Potions
 b - a potion of lignification

Dungeon Overview and Level Annotations

Branches:
Dungeon (1/15) Zot: 5543

Altars:

#############
#......>....#
#.#########.#
#.#########.#
#.##........######...
####............@..S....
....###........###......
....# #......... ###$#
.##.###........##
.###...........# .#
#...........#
#####...#..#####
#....###.# #.##..#..#


You could see a ball python.


Message History

A bat is nearby!
Found a stone staircase leading down.
The bat hits you but does no damage. The bat hits you.
The bat barely misses you. 😕 HP[-1]
You take 1 damage, and now have 21/22 hp.
You hit the bat but do no damage. The bat misses you.
The bat hits you but does no damage.
You completely miss the bat. The bat hits you but does no damage.
The bat closely misses you.
You closely miss the bat. The bat closely misses you.
The bat hits you. 😕 HP[-1]
You take 1 damage, and now have 20/22 hp.
You completely miss the bat. The bat hits you.
The bat hits you but does no damage.
You closely miss the bat. The bat barely misses you.
The bat hits you but does no damage. The bat closely misses you.
You hit the bat. The bat hits you but does no damage.
The bat closely misses you.
The bat hits you but does no damage. 😕 HP[+1]
You miss the bat. The bat barely misses you. The bat closely misses you.
The bat hits you but does no damage.
You closely miss the bat. The bat barely misses you. The bat misses you.
The bat hits you but does no damage. 😎 HP[+1]
Your hp is fully restored (22).
You closely miss the bat. Your punch misses the bat.
The bat hits you but does no damage. x2
You hit the bat. The bat hits you but does no damage.
The bat barely misses you.
You barely miss the bat. The bat hits you. 😕 HP[-1]
You take 1 damage, and now have 21/22 hp.
The bat hits you. The bat hits you but does no damage.
You barely miss the bat. The bat misses you.
The bat hits you but does no damage.
There is a stone staircase leading down here.
The bat completely misses you.
You miss the bat. The bat hits you but does no damage.
The bat hits you but does no damage. The bat closely misses you. 😎 HP[+1]
Your hp is fully restored (22).
You miss the bat. The bat barely misses you. x2
The bat closely misses you.
You hit the bat.
You kill the bat!
No target in view!
No target in view!
You see here a bat corpse.
No target in view!
You now have 86 gold pieces (gained 10).
You see here a +0 pair of gloves.
Key pressed, stopping explore.
e - a scroll labelled LUILYKKAOQE A kobold comes into view.
It is wielding a +0 short sword.
The kobold shouts!
A kobold is nearby!
A kobold is nearby!
As you read the scroll labelled EMPOPT UPAUSHI, it crumbles to dust.
It is a scroll of brand weapon.
You aren't carrying any weapons that can be branded.
The kobold barely misses you.
You hit the kobold. The kobold barely misses you.
You hit the kobold.
You kill the kobold!
No target in view!
Things that are here:
a +0 short sword; a kobold corpse Unknown command.
No target in view!
As you read the scroll labelled PYRPHIA BOLOCW, it crumbles to dust.
A profound silence engulfs you.
It was a scroll of silence.
Unknown command.
Magic scrolls do not work when you're silenced!
You now have 92 gold pieces (gained 6).
You start waiting.
Your hearing returns.
A goblin comes into view. It is wielding a +0 dagger.
A goblin is nearby!
As you read the scroll labelled LUILYKKAOQE, it crumbles to dust.
You assume a fearsome visage.
The goblin looks frightened!
It was a scroll of fear.
Unknown command.
The goblin gives up.
No target in view!
No target in view!
No target in view!
No target in view!
No target in view!
No target in view!
No target in view!
No target in view!
No target in view!
Found a stone staircase leading down.
There is a stone staircase leading down here.
A ball python comes into view.
The ball python hisses angrily.
A ball python is nearby!
A ball python is nearby!
Are you sure you want to abandon this character and quit the game? (Confirm with "yes".)

Action                   || total
-------------------------++-------
Melee: Unarmed           ||    42
 Cast: Beastly Appendage ||     3
  Use: Scroll            ||     3
Armor: Robe              ||    19
Dodge: Dodged            ||    30

Levels and vault maps discovered:
D:1:      mrwooster_arrival_statue_3, layout_loops_ring

Notes
Turn   | Place    | Note
-------+----------+-------------------------------------------
     0 | D:1      | ytrimaz the Djinni Transmuter began the quest for the Orb.
     0 | D:1      | ytrimaz set off with the following spells memorised:
                  | Beastly Appendage, Wereblood, Spider Form, Ice Form.
     0 | D:1      | Reached XP level 1. HP: 17/17 MP: 0/0
     0 | D:1      | magus.rc [v1.9.6]
   230 | D:1      | Reached XP level 2. HP: 21/22 MP: 0/0
   459 | D:1      | Quit the game

Vanquished Creatures
  2 endoplasms (D:1)
  A giant cockroach (D:1)
  A hobgoblin (D:1)
  A quokka (D:1)
  A bat (D:1)
  A frilled lizard (D:1)
  A kobold (D:1)
8 creatures vanquished.

Table legend:
 A = Non-vault XP
 B = Vault XP
 C = Vault XP percentage of total XP
 D = Non-vault monster count
 E = Vault monster count
 F = Vault count percentage of total count
                 A         B        C        D         E       F
            +---------+---------+-------+---------+---------+-------
      Total |      13 |       0 |   0.0 |       8 |       0 |   0.0
            +---------+---------+-------+---------+---------+-------
        D:1 |      13 |       0 |   0.0 |       8 |       0 |   0.0
            +---------+---------+-------+---------+---------+-------

Illustrated notes

Table legend:
 A = Kills in this place as a percentage of kills in entire the game.
 B = Kills by you in this place as a percentage of kills by you in the entire game.
 C = Kills by friends in this place as a percentage of kills by friends in the entire game.
 D = Other kills in this place as a percentage of other kills in the entire game.
 E = Experience gained in this place as a percentage of experience gained in the entire game.
 F = Experience gained in this place divided by the number of levels of this place that you have seen.
                   A       B       C       D       E      F
               +-------+-------+-------+-------+-------+----------------------
         Total | 100.0 | 100.0 |   N/A |   N/A | 100.0 |  13.0
       Dungeon | 100.0 | 100.0 |   N/A |   N/A | 100.0 |  13.0
               +-------+-------+-------+-------+-------+----------------------

Table legend: (Time is in decaauts)
 A = Elapsed time spent in this place.
 B = Non-inter-level travel time spent in this place.
 C = Inter-level travel time spent in this place.
 D = Time resting spent in this place.
 E = Time spent auto-exploring this place.
 F = Levels seen in this place.
 G = Mean time per level.
                   A        B        C        D        E       F      G
               +--------+--------+--------+--------+--------+-----+--------+
         Total |    456 |    456 |      0 |     31 |    321 |   1 |  456.0 |
       Dungeon |    456 |    456 |      0 |     31 |    321 |   1 |  456.0 |
               +--------+--------+--------+--------+--------+-----+--------+

Top non-repeatable levels by time:
     D:1: 456 daAuts
